 Dungeon Crawl Stone Soup version 0.25-a0-890-g62861fb (webtiles) character file.

Game seed: 652491636923932939, levelgen mode: deterministic

112 Faca the Skirmisher (level 4, -8/41 HPs)
             Began as a Draconian Berserker on May 11, 2020.
             Was a Believer of Trog.
             Killed by divine providence
             ... invoked by an orc priest
              (14 damage)
             ... while paralysed
             ... on level 3 of the Dungeon.
             The game lasted 00:02:41 (1731 turns).

Faca the Skirmisher (Draconian Berserker)           Turns: 1731, Time: 00:02:41

Health: -8/41      AC:  5    Str: 20    XL:     4   Next: 63%
Magic:  4/4        EV:  2    Int:  8    God:    Trog [**....]
Gold:   96         SH:  0    Dex: 10    Spells: 3/3 levels left

rFire    . . .     SeeInvis .   a - +0 falchion
rCold    . . .     Gourm    .   (no shield)
rNeg     . . .     Faith    .   (armour unavailable)
rPois    .         Spirit   .   (helmet restricted)
rElec    .         Reflect  .   (no cloak)
rCorr    .         Harm     .   (no gloves)
MR       .....     Rnd*Tele +   (no boots)
Stlth    +.........             (no amulet)
HPRegen  0.13/turn              c - ring of teleportation (curse)
MPRegen  0.09/turn              (no ring)

@: paralysed, berserk cooldown, slowed, lightly drained
A: unfitting armour, cold-blooded, AC +5
a: Berserk, Trog's Hand, Renounce Religion


You were on level 3 of the Dungeon.
You worshipped Trog.
Trog was pleased with you.
You were not hungry.

You visited 1 branch of the dungeon, and saw 3 of its levels.

You collected 96 gold pieces.

Inventory:

Hand Weapons
 a - a +0 falchion (weapon)
Jewellery
 c - a cursed ring of teleportation (left hand)
Scrolls
 h - 2 scrolls of teleportation
Potions
 d - a potion of stabbing {unknown}
 f - a potion of haste
 g - a potion of curing
 i - a potion of heal wounds {unknown}
Comestibles
 b - 4 rations
 j - 3 chunks of flesh


   Skills:
 + Level 4.8(4.5) Fighting
 + Level 4.3(4.1) Long Blades
 - Level 2.6(2.4) Dodging


You had 3 spell levels left.
You didn't know any spells.
Your spell library was empty.

Dungeon Overview and Level Annotations

Branches:
Dungeon (3/15)

Altars:
Okawaru


Innate Abilities, Weirdness & Mutations

Your plain brown scales are hard. (AC +5)
You cannot fit into any form of body armour.
You are cold-blooded and may be slowed by cold attacks.


Message History

The orc priest is lightly wounded.
A jackal comes into view.
The gnoll hits you from afar with a +0 halberd!
* * * LOW HITPOINT WARNING * * *
The orc priest hits you but does no damage.
You completely miss the orc priest.
The orc priest is lightly wounded.
The jackal barks!
The gnoll barely misses you.
You slash the orc priest!
Your tail-slap misses the orc priest.
The orc priest is almost dead.
The orc priest completely misses you.
You closely miss the orc priest.
The orc priest is almost dead.
You are no longer berserk.
You pass out from exhaustion.
You feel yourself slow down.
The orc priest mumbles some strange prayers to Beogh against you.
Beogh smites you!
You die...

..######.#
......†..#
#.#####..########
##.........#
#..h..####..
##...## ##.## #.#
#@# #o#


#oog# #..o..# #.......# #.........# +.........+ #......?..# ##..g....## You
could see an orc priest, 2 orc wizards, a gnoll, an orc and a jackal.

Vanquished Creatures
  4 gnolls
  4 adders (D:2)
  A dart slug (D:1)
  2 leopard geckos
  2 orcs (D:3)
  A giant cockroach (D:2)
  A hobgoblin (D:2)
  10 kobolds
  A quokka (D:3)
  3 bats
  2 frilled lizards (D:1)
  3 goblins (D:2)
  4 rats
38 creatures vanquished.

Notes
Turn   | Place    | Note
-------+----------+-------------------------------------------
     0 | D:1      | Faca the Draconian Berserker began the quest for the Orb.
     0 | D:1      | Reached XP level 1. HP: 19/19 MP: 1/1
    27 | D:1      | Found an iron altar of Okawaru.
   245 | D:1      | Reached XP level 2. HP: 23/26 MP: 2/2
   789 | D:2      | Reached XP level 3. HP: 20/33 MP: 3/3
  1031 | D:2      | Reached ** piety under Trog
  1047 | D:2      | Reached XP level 4. HP: 29/41 MP: 4/4
  1731 | D:3      | Killed from afar by an orc priest

Levels and vault maps discovered:
D:1:      onia_arrival_pentagram, layout_basic, okawaru_ov_weapons_minmay
D:2:      layout_basic
D:3:      minmay_thinvault, layout_loops_corners, grunt_qazlal_clouds,
          first_ration

Skill      XL: |  1  2  3 |
---------------+----------+-----
Fighting       | 4 |  4.8
Long Blades    | 4 |  4.3
Dodging        | |  2.6

Action                   |  1- 3 |  4- 6 || total
-------------------------+-------+-------++-------
Melee: Falchion          |    70 |    46 ||   116
       Tailslap          |     8 |     7 ||    15
Invok: Berserk           |     2 |     1 ||     3
  Use: Scroll            |     4 |     4 ||     8
       Potion            |     1 |       ||     1
 Stab: Sleeping          |     1 |       ||     1
  Eat: Chunk             |     2 |     3 ||     5
Armor: Skin              |    12 |    16 ||    28
Dodge: Dodged            |    57 |    22 ||    79
       Rpst.: Falchion   |    19 |     5 ||    24

Table legend:
 A = Non-vault XP
 B = Vault XP
 C = Vault XP percentage of total XP
 D = Non-vault monster count
 E = Vault monster count
 F = Vault count percentage of total count
                 A         B        C        D         E       F
            +---------+---------+-------+---------+---------+-------
      Total |     160 |       0 |   0.0 |      38 |       0 |   0.0
            +---------+---------+-------+---------+---------+-------
        D:1 |      35 |       0 |   0.0 |      14 |       0 |   0.0
        D:2 |      74 |       0 |   0.0 |      17 |       0 |   0.0
        D:3 |      51 |       0 |   0.0 |       7 |       0 |   0.0
            +---------+---------+-------+---------+---------+-------
